 Dungeon Sprint DCSS version 0.27-a0-1105-g946c659c87 (webtiles) character file.

Game seed: 18375808321569596778

741 mhtbhm the Arsonist (level 7, -15/36 HPs)
             Began as a Deep Elf Fire Elementalist on Apr 30, 2021.
             Was an Initiate of Vehumet.
             Demolished by a +3 glaive of venom (29 damage)
             ... in the Dungeon (Sprint V: "Ziggurat Sprint").
             The game lasted 00:01:36 (215 turns).

mhtbhm the Arsonist (Deep Elf Fire Elementalist)     Turns: 215, Time: 00:01:36

Health: -15/36     AC:  5    Str:  5    XL:     7   Next: 47%
Magic:  17/22      EV: 15    Int: 34    God:    Vehumet [......]
Gold:   0          SH:  0    Dex: 15    Spells: 10/26 levels left

rFire    + . .     SeeInvis .   C - +8 lance "Wyrmbane" {slay drac, rPois rF+ rC+ AC+3}
rCold    + . .     Faith    .   (no shield)
rNeg     . . .     Spirit   .   a - +0 robe
rPois    +         Reflect  .   (no helmet)
rElec    .         Harm     .   (no cloak)
rCorr    .         Rampage  .   (no gloves)
Will     .....     NoTele   +   (no boots)
Stlth    +++.......             (no amulet)
HPRegen  0.12/turn              u - +6 ring of intelligence
MPRegen  0.18/turn              v - +6 ring of intelligence

@: no status effects
A: no striking features
a: Renounce Religion


You were in the Dungeon.
You worshipped Vehumet.
Vehumet was noncommittal.
You visited 1 branch

Inventory:

Hand Weapons
 C - the +8 lance "Wyrmbane" (weapon) {slay drac, rPois rF+ rC+ AC+3}
   (You found it in the Dungeon)

   It affects your AC (+3).
   It protects you from fire.
   It protects you from cold.
   It protects you from poison.
Armour
 a - a +0 robe (worn)
Jewellery
 u - a +6 ring of intelligence (left hand)
 v - a +6 ring of intelligence (right hand)
Wands
 y - a wand of mindburst (5)
 z - a wand of iceblast (1)
 A - a wand of acid (4)
Scrolls
 b - 4 scrolls of amnesia
 h - 3 scrolls of blinking
 i - 7 scrolls of fog
 j - a scroll of holy word
 k - 5 scrolls of identify
Potions
 c - 10 potions of curing
 d - 10 potions of heal wounds
 e - 6 potions of haste
 f - 7 potions of magic
 g - 3 potions of berserk rage
 m - 2 potions of brilliance
 n - 2 potions of invisibility
 o - 4 potions of resistance
 p - a potion of experience
 q - 5 potions of might
Miscellaneous
 B - a lightning rod (4/4)


   Skills:
 + Level 7.0 Dodging
 + Level 6.0 Stealth
 + Level 10.2 Spellcasting
 + Level 2.6 Conjurations
 + Level 12.8 Fire Magic
 + Level 5.2 Evocations


You had 10 spell levels left.
You knew the following spells:

 Your Spells              Type           Power      Damage    Failure   Level
a - Foxfire               Conj/Fire      100%       2x1d9     1%          1
b - Conjure Flame         Conj/Fire      63%        6-21      1%          3
c - Inner Flame           Hex/Fire       57%        N/A       1%          3
d - Sticky Flame          Conj/Fire      63%        2d8       1%          4
e - Fireball              Conj/Fire      31%        3d13      3%          5

Your spell library contained the following spells:

 Spells                   Type           Power      Damage    Failure   Level


Dungeon Overview and Level Annotations

Branches:
Dungeon (1/1)

Altars:
Ashenzari
Cheibriados
Dithmenos
Elyvilon
Fedhas
Gozag
Hepliaklqana
Kikubaaqudgha
Makhleb
Nemelex Xobeh
Okawaru
Qazlal
Ru
Sif Muna
Trog
Uskayaw
Vehumet
Wu Jian
Xom
Yredelemnul
Zin
The Shining One
Beogh
Jiyva
Lugonu

Annotations:
D 1 transporter


Message History

The deep elf zephyrmancer is moderately wounded.
The deep elf zephyrmancer shouts!
The deep elf zephyrmancer points at you and mumbles some strange words.
The bolt of lightning hits the +3 glaive of venom.
The +3 glaive of venom completely resists.
The bolt of lightning misses you. The bolt of lightning hits you!!
Ouch! That really hurt!
Unknown command.
Unknown command.
Unknown command.
Aiming: Corrosive Bolt
Press: ? - help, Shift-Dir - straight line, f/p - deep elf zephyrmancer
Aim: a deep elf zephyrmancer, wielding a +0 dagger (moderately wounded, 64% to hit)
The bolt of acid misses the +3 glaive of venom.
The bolt of acid misses the deep elf knight.
The bolt of acid hits the deep elf zephyrmancer!
The deep elf zephyrmancer is splashed with acid.
The acid corrodes the deep elf zephyrmancer!
The deep elf zephyrmancer is severely wounded.
The deep elf knight gestures at itself while chanting.
The deep elf knight flickers and vanishes!
Deactivating autopickup; reactivate with Ctrl-A.
The +3 glaive of venom closely misses you.
Unknown command.
Unknown command.
Unknown command.
Press: ? - help, v - describe, . - travel
Here: a +3 glaive of venom (lightly damaged)
The floor.
Unknown command.
Aiming: Corrosive Bolt
Press: ? - help, Shift-Dir - straight line, f - +3 glaive of venom, p - deep elf zephyrmancer
Aim: a +3 glaive of venom (lightly damaged, 51% to hit)
The bolt of acid hits the +3 glaive of venom!
The +3 glaive of venom is splashed with acid!
The acid corrodes the +3 glaive of venom!
The +3 glaive of venom is severely damaged.
The +3 glaive of venom hits you from afar!!
Ouch! That really hurt!
You die...

▓▓▓▓▓▓▓▓▓▓▓▓▓
▓.8©8.▓.8©8.▓
▓.)=:.▓..)..▓
▓.....▓.).[.▓
▓.e...▓..)..▓
▓..(..▓.....▓
▓.....▓..©..▓
▓..@..▓▓▓▓▓▓▓
▓▓▓▓▓▓▓


You could see a deep elf zephyrmancer (corroded) and a +3 glaive of venom
(corroded).

Vanquished Creatures
  2 draconians (D)
2 creatures vanquished.

Vanquished Creatures (others)
  10 foxfires (D)
10 creatures vanquished.

Grand Total: 12 creatures vanquished

Notes
Turn   | Place    | Note
-------+----------+-------------------------------------------
     0 | D        | mhtbhm the Deep Elf Fire Elementalist began the quest for
                  | the Orb.
     0 | D        | Reached XP level 1. HP: 10/10 MP: 6/6
     0 | D        | Found a shimmering blue altar of Sif Muna.
     0 | D        | Found a bloodstained altar of Trog.
     0 | D        | Found a sacrificial altar of Ru.
     0 | D        | Found a stormy altar of Qazlal.
     0 | D        | Found an iron altar of Okawaru.
     2 | D        | Found a sparkling altar of Nemelex Xobeh.
     3 | D        | Found the +6 Majin-Bo {vamp, MP+6 Int+6}
     3 | D        | Found the +9 heavy crossbow "Sniper" {vorpal, Acc+∞ SInv}
     3 | D        | Found the +10 dark maul {vorpal}
     3 | D        | Found the +15 Maxwell's patent armour {-Cast -Tele rElec
                  | Will+ rCorr}
     3 | D        | Found the +18 shield of the Gong {rElec rN+ Will+ EV-5}
     3 | D        | Found the +14 obsidian axe {vorpal, Drain Fly SInv}
     3 | D        | Found the +7 great mace "Firestarter" {inner flame, rF++}
     3 | D        | Found the +6 shillelagh "Devastator" {shatter}
     3 | D        | Found the +11 plutonium sword {Contam Stlth-}
     3 | D        | Found the +8 lance "Wyrmbane" {slay drac, rPois rF+ rC+
                  | AC+3}
     3 | D        | Found the +9 sword of Zonguldrok {reap}
     3 | D        | Found the +13 scythe of Curses {drain, Drain}
     3 | D        | Found the +5 sword of Power {vorpal}
     3 | D        | Found the +7 mace of Variability {chain chaos}
     3 | D        | Found the +7 Singing Sword {vorpal, sonic wave}
     3 | D        | Found the +8 storm bow {elec, penet}
     3 | D        | Found an ancient bone altar of Kikubaaqudgha.
     3 | D        | Found a transporter.
     3 | D        | Found a corrupted altar of Lugonu.
     3 | D        | Found a viscous altar of Jiyva.
     3 | D        | Found a burning altar of Makhleb.
     3 | D        | Found a hazy altar of Hepliaklqana.
     3 | D        | Found an opulent altar of Gozag.
     4 | D        | Found a blossoming altar of Fedhas.
    46 | D        | Became a worshipper of Vehumet
    59 | D        | Entered arena 2.
    59 | D        | Noticed a draconian
    59 | D        | Noticed a draconian
    59 | D        | Found a transporter.
    82 | D        | Killed a draconian
    83 | D        | Reached skill level 5 in Dodging
    83 | D        | Reached skill level 5 in Stealth
    83 | D        | Reached skill level 11 in Fire Magic
    83 | D        | Reached XP level 2. HP: 15/15 MP: 2/13
    83 | D        | Reached XP level 3. HP: 19/19 MP: 2/15
    83 | D        | Reached XP level 4. HP: 24/24 MP: 2/16
    83 | D        | Reached XP level 5. HP: 28/28 MP: 2/18
    83 | D        | Reached XP level 6. HP: 32/32 MP: 2/19
    83 | D        | Killed a draconian
    84 | D        | Reached skill level 10 in Spellcasting
    84 | D        | Reached skill level 12 in Fire Magic
    84 | D        | Reached skill level 5 in Evocations
    84 | D        | Reached XP level 7. HP: 36/36 MP: 2/22
   195 | D        | Learned a level 3 spell: Conjure Flame
   199 | D        | Learned a level 3 spell: Inner Flame
   204 | D        | Learned a level 4 spell: Sticky Flame
   210 | D        | Learned a level 5 spell: Fireball
   212 | D        | Entered arena 3.
   212 | D        | Noticed a deep elf knight
   212 | D        | Noticed a deep elf zephyrmancer
   212 | D        | Noticed a +3 glaive of venom
   212 | D        | Found a transporter.
   215 | D        | Demolished by a +3 glaive of venom

Illustrated notes

Levels and vault maps discovered:
D:        sprint_v [room_start, room_1, room_2, room_3, room_4, room_5, room_6,
          room_7, room_8, room_9, room_10, room_11, room_12, room_13, room_14,
          room_15, room_16, room_17, room_18, room_19, room_20, room_21,
          room_22, room_23, room_24, room_25, room_26, room_27]

Skill      XL: |  1  2  3  4  5  6 |
---------------+-------------------+-----
Dodging        | 5 7 |  7.0
Stealth        | 5 6 |  6.0
Spellcasting   | 8 10 | 10.2
Conjurations   | 2 |  2.6
Fire Magic     | 11 12 | 12.8
Evocations     | 4 5 |  5.2

Action                   |  1- 3 |  4- 6 |  7- 9 || total
-------------------------+-------+-------+-------++-------
 Cast: Foxfire           |     5 |       |       ||     5
       Fireball          |       |       |     1 ||     1
Evoke: Wand              |     8 |     1 |     2 ||    11
       Lightning rod     |     1 |       |       ||     1
  Use: Scroll            |     3 |       |       ||     3
Dodge: Dodged            |       |       |     2 ||     2

Table legend: (Time is in decaauts)
 A = Elapsed time spent in this place.
 B = Non-inter-level travel time spent in this place.
 C = Inter-level travel time spent in this place.
 D = Time resting spent in this place.
 E = Time spent auto-exploring this place.
 F = Levels seen in this place.
 G = Mean time per level.
                   A        B        C        D        E       F      G
               +--------+--------+--------+--------+--------+-----+--------+
         Total |    213 |    213 |      0 |     95 |      0 |   1 |  213.0 |
       Dungeon |    213 |    213 |      0 |     95 |      0 |   1 |  213.0 |
               +--------+--------+--------+--------+--------+-----+--------+

Top non-repeatable levels by time:
       D: 213 daAuts
